 Dungeon Crawl Stone Soup version 0.18-a0-1575-g920359c (webtiles) character file.

25134 Ijustatesigmund the Fighter (level 13, -10/114 HPs)
             Began as an Octopode Transmuter on Mar 15, 2016.
             Was an Elder of Cheibriados.
             Mangled by a six-headed hydra (11 damage)
             ... on level 11 of the Dungeon on Mar 16, 2016.
             The game lasted 01:38:11 (21225 turns).

Ijustatesigmund the Fighter (Octopode Transmuter)  Turns: 21225, Time: 01:38:12

Health: -10/114    AC:  7    Str: 20    XL:     13   Next: 17%
Magic:  13/21      EV: 15    Int: 31    God:    Cheibriados [****..]
Gold:   323        SH:  4    Dex: 26    Spells: 8 memorised, 1 level left

rFire  . . .     SeeInvis .       - Unarmed
rCold  + + +     Gourm    .     (shield currently unavailable)
rNeg   . . .     Faith    .     (helmet currently unavailable)
rPois  +         Spirit   .     o - +4 amulet of reflection
rElec  .         Dismiss  .     h - +4 ring of dexterity
rCorr  +         Reflect  +     j - ring of sustain attributes
SustAt +         Harm     .     l - ring of wizardry
MR     +....                    r - +4 ring of intelligence
Stlth  +++++.....               p - ring of protection from magic
                                K - ring of resist corrosion
                                k - ring of protection from cold
                                Q - ring of protection from fire

@: ice-form, repel missiles, very slow, somewhat resistant to hostile
enchantments, quite stealthy
A: almost no armour, amphibious, 8 rings, (constrict 8), (camouflage 0),
deterioration 1, (shaggy fur 0), (gelatinous body 0), evolution 1
a: End Transformation, Bend Time, Temporal Distortion, Slouch, Renounce Religion


You were on level 11 of the Dungeon.
You worshipped Cheibriados.
Cheibriados was greatly pleased with you.
You were very hungry.
You were a creature of crystalline ice.
You visited 3 branches of the dungeon, and saw 13 of its levels.
You also visited: Bailey and Ice Cave.

You collected 910 gold pieces.
You spent 587 gold pieces at shops.

Inventory:

Missiles
 a - 183 arrows
 e - 19 arrows of frost
 f - 2 throwing nets (quivered)
 B - 9 tomahawks
Armour
 u - a +1 buckler of reflection (melded)
Jewellery
 g - an uncursed amulet of the gourmand
 h - a +4 ring of dexterity (left front paw)
 j - a ring of sustain attributes (right front paw)
 k - a ring of protection from cold (on tentacle)
 l - a ring of wizardry (on tentacle)
 o - a +4 amulet of reflection (around neck)
 p - a ring of protection from magic (on tentacle)
 r - a +4 ring of intelligence (on tentacle)
 K - a ring of resist corrosion (on tentacle)
 O - a +1 ring of evasion
 Q - a ring of protection from fire (on tentacle)
Wands
 v - a wand of paralysis (13/24)
 A - a wand of flame (8/48)
 C - a wand of polymorph (7/24)
 G - a wand of lightning (1/15)
 H - a wand of slowing (20/48)
 M - a wand of flame (29/48)
Scrolls
 d - a scroll of amnesia
 m - a scroll of magic mapping
 q - 4 scrolls of recharging
 F - 2 scrolls of fear
 I - a scroll of holy word
 J - 5 scrolls of remove curse
 L - 2 scrolls of fog
Potions
 i - 2 potions of lignification
 w - a potion of cure mutation
 x - a potion of flight
 z - 2 potions of ambrosia
 D - 3 potions of curing
 N - 2 potions of heal wounds
 P - a potion of berserk rage {unknown}
 S - a potion of resistance
Books
 b - a book of Changes

   Spells                             Type                      Level
   a - Beastly Appendage              Transmutation                1
   b - Sticks to Snakes               Transmutation                2
   c - Spider Form                    Transmutation/Poison         3
   d - Ice Form                       Ice/Transmutation            4
   e - Blade Hands                    Transmutation                5
 n - a book of Debilitation

   Spells                             Type                      Level
   a - Corona                         Hexes                        1
   b - Slow                           Hexes                        2
   c - Gell's Gravitas                Hexes/Translocation          3
   d - Inner Flame                    Hexes/Fire                   3
   e - Cause Fear                     Hexes                        4
   f - Leda's Liquefaction            Hexes/Earth                  4
 y - a book of Minor Magic

   Spells                             Type                      Level
   a - Magic Dart                     Conjuration                  1
   b - Blink                          Translocation                2
   c - Call Imp                       Summoning                    2
   d - Repel Missiles                 Charms/Air                   2
   e - Slow                           Hexes                        2
   f - Conjure Flame                  Conjuration/Fire             3
   g - Mephitic Cloud                 Conjuration/Poison/Air       3
Comestibles
 c - 9 bread rations
 s - a slice of pizza
 t - 4 meat rations


   Skills:
 - Level 11.0 Fighting
 + Level 5.5 Dodging
 - Level 9.0 Stealth
 + Level 4.8 Shields
 + Level 10.6 Unarmed Combat
 - Level 5.8 Spellcasting
 - Level 4.1 Translocations
 - Level 5.0 Transmutations
 - Level 2.2 Fire Magic
 - Level 2.4 Ice Magic
 - Level 2.0 Poison Magic
 - Level 9.4 Invocations


You had one spell level left.
You knew the following spells:

 Your Spells              Type           Power        Failure   Level  Hunger
a - Beastly Appendage     Trmt           #####.       1%          1    None
b - Sticks to Snakes      Trmt           #####...     1%          2    None
c - Spider Form           Trmt/Pois      ####......   1%          3    None
d - Ice Form              Ice/Trmt       ####....     4%          4    ###....
e - Blade Hands           Trmt           #####.....   7%          5    #####..
f - Blink                 Tloc           N/A          1%          2    None
g - Repel Missiles        Chrm/Air       #.....       4%          2    None
h - Conjure Flame         Conj/Fire      ###.....     4%          3    None


Dungeon Overview and Level Annotations

Branches:
Dungeon (11/15)            Temple (1/1) D:7            Lair (1/8) D:10
    Orc: D:9-12

Altars:
Ashenzari
Cheibriados
Dithmenos
Elyvilon
Fedhas
Gozag
Kikubaaqudgha
Makhleb
Nemelex Xobeh
Okawaru
Pakellas
Qazlal
Ru
Sif Muna
Trog
Vehumet
Xom
Yredelemnul
Zin
The Shining One

Shops:
D:6 [*}:}   D:8 (?*   D:9 =


Innate Abilities, Weirdness & Mutations

You cannot wear most types of armour.
You are amphibious.
You can wear up to eight rings at the same time.
((You can use your tentacles to constrict eight enemies at once.))
((Your skin changes colour to match your surroundings (Stealth).))
((Your rubbery body absorbs attacks (AC +1).))
Your body sometimes deteriorates upon taking damage.
((You are covered in fur (AC +1).))
You evolve.


Message History

The six-headed hydra bites you! x2
* * * LOW HITPOINT WARNING * * *
The six-headed hydra bites you!
* * * LOW HITPOINT WARNING * * *
You are too injured to fight recklessly!
You can feel time thicken for a moment.
You are feeling very hungry.
Cheibriados lowers the support of your attributes as your movement quickens.
The gnoll sergeant hits you from afar with a spear!
* * * LOW HITPOINT WARNING * * *
A black bear comes into view.
The black bear growls angrily.
You hit the six-headed hydra but do no damage.
The six-headed hydra is almost dead.
The six-headed hydra bites you.
* * * LOW HITPOINT WARNING * * *
The six-headed hydra bites you!
* * * LOW HITPOINT WARNING * * *
The six-headed hydra barely misses you. The six-headed hydra bites you!
You die...

.......
###..#.......>.#
##.#.........#
#.#.........#
#.########### #.#
#.### # #...##
#..#####..####...
#....YDgC........
#..####..........
# ####.h#....
....### ##.## ..#
... ...


You could see a six-headed hydra, a hill giant, a black bear and a gnoll
sergeant.

Vanquished Creatures
  A frost giant (IceCv)
  A hydra (D:11)
  A death yak (IceCv)
  A hill giant (D:10)
  4 orc knights (Bailey)
  An ugly thing (D:11)
  A cyclops (D:11)
  The ghost of Ijustatesigmund the Insei, a novice OpTm of Cheibriados (D:6)
  An ice statue (IceCv)
  Joseph (D:7)
  2 centaur skeletons
  2 kobold demonologists (Bailey)
  4 trolls (D:11)
  17 polar bears (IceCv)
  Sigmund (D:4)
  A spriggan (D:7)
  A wyvern (D:10)
  23 yaks
  2 hippogriffs
  3 hungry ghosts
  Duvessa (D:7)
  6 orc warriors
  A black bear (D:8)
  5 ice beasts
  6 ogres
  2 phantoms
  A wasp (D:7)
  A centaur (D:9)
  An eye of draining (D:8)
  16 wolves (IceCv)
  3 crocodiles
  6 big kobolds
  4 giant frogs
  A gnoll sergeant (D:11)
  Dowan (D:7)
  2 scorpions
  9 killer bees
  8 wights
  A vampire bat (D:9)
  5 howler monkeys
  8 electric eels
  5 crimson imps
  A jelly (D:11)
  3 centaur zombies
  A giant frog zombie (D:6)
  4 hounds
  4 orc priests
  Crazy Yiuf (D:2)
  2 giant frog skeletons
  Jessica (D:3)
  Natasha (thrice) (D:2)
  An iguana (D:9)
  5 orc wizards
  6 worker ants
  2 hound zombies (D:6)
  A hound skeleton (D:6)
  2 worker ant zombies
  25 gnolls
  2 howler monkey skeletons
  8 adders
  3 shadow imps
  12 white imps (Lair:1)
  An ooze (D:3)
  6 worms
  A dart slug (D:1)
  7 giant geckos
  50 orcs
  2 ball pythons
  A bat skeleton (D:9)
  6 bat zombies (D:9)
  4 giant cockroaches
  37 goblins
  37 hobgoblins
  13 jackals
  4 quokkas
  7 bats
  A giant gecko skeleton (D:6)
  3 giant newts
  23 kobolds
  6 rats
  A plant (D:10)
459 creatures vanquished.

Vanquished Creatures (collateral kills)
  A hill giant (D:10)
  Pikel (D:3)
  2 orc warriors (Bailey)
  Terence (D:2)
  A gnoll (D:6)
  An orc (D:11)
  3 goblins
  A jackal (D:2)
  2 kobolds
  A ball python (D:2)
  A giant newt (D:3)
15 creatures vanquished.

Vanquished Creatures (others)
  A sky beast (D:6)
  2 goblins (D:6)
3 creatures vanquished.

Grand Total: 477 creatures vanquished

Notes
Turn   | Place    | Note
--------------------------------------------------------------
     0 | D:1      | Ijustatesigmund the Octopode Transmuter began the quest for the Orb.
     0 | D:1      | Reached XP level 1. HP: 13/13 MP: 3/3
   226 | D:1      | Reached XP level 2. HP: 15/18 MP: 5/5
   230 | D:1      | Learned a level 2 spell: Sticks to Snakes
  1223 | D:2      | Reached XP level 3. HP: 15/24 MP: 6/6
  1228 | D:2      | Learned a level 3 spell: Spider Form
  1386 | D:2      | Reached skill level 2 in Fighting
  1402 | D:2      | Reached skill level 1 in Stealth
  1685 | D:2      | Reached XP level 4. HP: 10/29 MP: 5/7
  1931 | D:2      | Noticed Terence
  1947 | D:2      | Killed Terence
  1947 | D:2      | Reached skill level 1 in Poison Magic
  2140 | D:2      | Noticed Crazy Yiuf
  2164 | D:2      | Killed Crazy Yiuf
  2343 | D:2      | Noticed Natasha
  2355 | D:2      | Killed Natasha
  2355 | D:2      | Reached XP level 5. HP: 18/35 MP: 2/8
  2774 | D:2      | Found a burning altar of Makhleb.
  2814 | D:2      | Noticed Natasha
  2820 | D:2      | Killed Natasha
  2873 | D:2      | Noticed Natasha
  2879 | D:2      | Killed Natasha
  2879 | D:2      | Reached skill level 3 in Fighting
  3368 | D:3      | Noticed Jessica
  3370 | D:3      | Killed Jessica
  3370 | D:3      | Reached XP level 6. HP: 42/42 MP: 5/9
  3610 | D:3      | Found a sparkling altar of Nemelex Xobeh.
  3610 | D:3      | Found a stormy altar of Qazlal.
  4233 | D:4      | Reached skill level 5 in Unarmed Combat
  4266 | D:4      | Found an opulent altar of Gozag.
  4272 | D:4      | Noticed a slave
  4275 | D:4      | Noticed Pikel
  4282 | D:4      | Noticed a slave
  4284 | D:4      | Noticed a slave
  4827 | D:4      | Reached skill level 4 in Fighting
  4827 | D:4      | Reached XP level 7. HP: 48/48 MP: 3/10
  5260 | D:4      | Noticed Sigmund
  5316 | D:4      | Learned a level 4 spell: Ice Form
  5375 | D:4      | Killed Sigmund
  5912 | D:4      | Reached skill level 5 in Fighting
  6006 | D:3      | Killed Pikel
  6006 | D:3      | Reached XP level 8. HP: 16/57 MP: 3/11
  6309 | D:5      | Entered Level 5 of the Dungeon
  7022 | D:6      | Reached skill level 6 in Fighting
  7023 | D:6      | Found Qodwih's Gadget Boutique.
  7043 | D:6      | Found Cehuqeul's Assorted Antiques.
  7122 | D:6      | Bought a sharpened lead wand for 108 gold pieces
  7122 | D:6      | Bought a knobbly opal ring for 135 gold pieces
  7157 | D:6      | Reached skill level 1 in Ice Magic
  7447 | D:6      | Found Puntet Xurr's Book Boutique.
  7450 | D:6      | Found Foriaqocymn's Gadget Shop.
  7457 | D:6      | Noticed Ijustatesigmund's ghost (novice OpTm)
  7468 | D:6      | Killed Ijustatesigmund's ghost
  7468 | D:6      | Reached XP level 9. HP: 34/63 MP: 5/13
  8033 | D:6      | Reached skill level 5 in Stealth
  8131 | D:6      | Found Wol Geg's Armour Boutique.
  8952 | D:7      | Found a staircase to the Ecumenical Temple.
  8984 | D:7      | Paralysed by a wasp for 1 turns
  9077 | D:7      | Found a flagged portal.
  9116 | Bailey   | Entered a bailey
  9613 | Bailey   | Noticed an orc knight
 10320 | Bailey   | Reached XP level 10. HP: 60/69 MP: 14/14
 10332 | Bailey   | Noticed an orc knight
 10340 | Bailey   | Noticed an orc knight
 10594 | Bailey   | Noticed a kobold demonologist
 10627 | Bailey   | Learned a level 5 spell: Blade Hands
 10646 | Bailey   | Noticed an orc knight
 10649 | Bailey   | Noticed an orc knight
 10664 | Bailey   | Killed an orc knight
 10981 | Bailey   | Killed an orc knight
 10981 | Bailey   | Reached skill level 10 in Unarmed Combat
 11167 | Bailey   | Noticed a sixfirhy
 11178 | Bailey   | HP: 1/69 [ice devil[a kobold demonologist] (19)]
 11184 | Bailey   | Killed a kobold demonologist
 11525 | Bailey   | Killed an orc knight
 11789 | Bailey   | Found an iron altar of Okawaru.
 11790 | Bailey   | Noticed a kobold demonologist
 12597 | Bailey   | Noticed a smoke demon
 12601 | Bailey   | Killed a kobold demonologist
 12733 | Bailey   | Killed an orc knight
 12733 | Bailey   | Reached skill level 7 in Fighting
 12733 | Bailey   | Reached skill level 1 in Shields
 13123 | D:7      | Noticed Dowan
 13242 | D:7      | Noticed Joseph
 13334 | D:6      | Bought a book of Minor Magic for 200 gold pieces
 13353 | Temple   | Entered the Ecumenical Temple
 13561 | D:7      | Found a shadowy altar of Dithmenos.
 13572 | D:7      | Noticed Duvessa
 13582 | D:7      | Killed Duvessa
 13586 | D:7      | Killed Dowan
 13698 | D:7      | Found a bloodstained altar of Trog.
 13720 | D:7      | Found a snail-covered altar of Cheibriados.
 13724 | D:7      | Became a worshipper of Cheibriados the Contemplative
 13784 | D:7      | Killed Joseph
 13784 | D:7      | Reached XP level 11. HP: 75/75 MP: 13/16
 14189 | D:7      | Found an oddly glowing altar of Pakellas.
 14229 | D:8      | Found Qyrigyep's Antique Weapon Emporium.
 14302 | D:8      | Learned a level 2 spell: Blink
 14361 | D:8      | Found a shattered altar of Ashenzari.
 14562 | D:8      | Found Bazimy's Magic Scroll Boutique.
 14569 | D:8      | Bought a scroll of holy word for 105 gold pieces
 14631 | D:8      | Found Xeki's Assorted Antiques.
 14683 | D:8      | Reached * piety under Cheibriados
 14920 | D:9      | Reached skill level 1 in Translocations
 14920 | D:9      | Reached skill level 5 in Transmutations
 15204 | D:9      | Reached skill level 1 in Invocations
 15566 | D:9      | Reached ** piety under Cheibriados
 16040 | D:9      | Found Xonnuwot's Jewellery Boutique.
 16043 | D:9      | Bought a +1 ring of evasion for 39 gold pieces
 16116 | D:9      | Found an ancient bone altar of Kikubaaqudgha.
 16223 | D:9      | Found a sparkling altar of Nemelex Xobeh.
 16351 | D:9      | Reached skill level 5 in Spellcasting
 16370 | D:10     | Entered Level 10 of the Dungeon
 16479 | D:10     | Reached *** piety under Cheibriados
 16542 | D:10     | Noticed a hill giant
 16601 | D:10     | Killed a hill giant
 16831 | D:10     | Noticed a hill giant
 16844 | D:10     | Killed a hill giant
 17027 | D:10     | Found a staircase to the Lair.
 17028 | D:10     | Upgraded the game from 0.18-a0-1572-g0a86841 to 0.18-a0-1575-g920359c
 17046 | Lair:1   | Entered Level 1 of the Lair of Beasts
 17052 | Lair:1   | Found a frozen archway.
 17079 | Lair:1   | Reached **** piety under Cheibriados
 17096 | IceCv    | Entered an ice cave
 17335 | IceCv    | Reached skill level 5 in Invocations
 17766 | IceCv    | Reached XP level 12. HP: 65/81 MP: 15/20
 17971 | IceCv    | Learned a level 2 spell: Repel Missiles
 17975 | IceCv    | Learned a level 3 spell: Conjure Flame
 18421 | IceCv    | Reached ***** piety under Cheibriados
 18628 | IceCv    | Reached skill level 1 in Fire Magic
 19006 | IceCv    | Noticed a frost giant
 19006 | IceCv    | Noticed a death yak
 19404 | IceCv    | Reached skill level 8 in Fighting
 19436 | IceCv    | Killed a frost giant
 19436 | IceCv    | Reached skill level 9 in Fighting
 19442 | IceCv    | Killed a death yak
 19841 | D:10     | Gained mutation: Your body sometimes deteriorates upon taking damage. [potion of mutation]
 19841 | D:10     | Gained mutation: You evolve. [potion of mutation]
 19940 | D:10     | Gained mutation: You are covered in fur (AC +1). [evolution]
 20098 | D:11     | Reached skill level 10 in Fighting
 20512 | D:11     | Reached XP level 13. HP: 93/93 MP: 18/21
 20694 | D:11     | Reached skill level 5 in Dodging
 20948 | D:11     | Reached skill level 11 in Fighting
 21225 | D:11     | HP: 1/114 [six-headed hydra (12)]
 21225 | D:11     | Mangled by a six-headed hydra

Vault maps used:
D:1:      minmay_arrival_five_plusses, minmay_misc_feat_doors
D:2:      bloody_makhleb, kennysheep_generic_room_8, uniq_terence, uniq_natasha,
          uniq_crazy_yiuf_cottage
D:3:      gammafunk_temple_overflow_wave, first_bread, eino_tiny_chamber,
          uniq_jessica
D:4:      nicolae_gozag_cash_rules_everything_around_me, uniq_sigmund,
          uniq_pikel
D:6:      minmay_goblin_kobold_castle, serial_shops, shop, shop, shop, shop,
          kennysheep_little_box
D:7:      nicolae_overflow_quartered_altars, minmay_temple_entry_junction2,
          enter_bailey_3, the_bakery, uniq_duvessa, uniq_joseph
D:8:      black_bear_nest_2, overflow_temple_1_default, serial_shops,
          nicolae_shop_stone, shop, nicolae_shop_stone
D:9:      kennysheep_vampire_church, serial_shops, nicolae_shop_behind_doors,
          nemelex_deck
D:10:     dpeg_oklobed_lair
D:11:     kennysheep_orc_monster_closet_entryway
Temple:   triangle_lava_temple_11
Lair:1:   portal_ice_cave_entry_imps, uniq_harold
Bailey:   bailey_axe_of_yendor_kennysheep, bailey
IceCv:    ice_cave_caverns_01

Skill      XL: |  1  2  3  4  5  6  7  8  9 10 11 12 13 |
---------------+----------------------------------------+-----
Fighting       | 2 3 4 5 6 7 10 11 | 11.0
Stealth        | 1 6 9 |  9.0
Unarmed Combat | 4 5 6 7 9 10 | 10.6
Poison Magic   | 1 2 |  2.0
Transmutations | 3 4 5 |  5.0
Dodging        | 4 5 |  5.5
Ice Magic      | 2 |  2.4
Spellcasting   | 3 5 |  5.8
Shields        | 3 4 |  4.8
Translocations | 4 |  4.1
Invocations    | 6 9 |  9.4
Fire Magic     | 2 |  2.2

Action                   |  1- 3 |  4- 6 |  7- 9 | 10-12 | 13-15 || total
-------------------------+-------+-------+-------+-------+-------++-------
Melee: Unarmed           |    77 |   138 |   337 |   621 |    53 ||  1226
 Cast: Beastly Appendage |     5 |     7 |     2 |     3 |       ||    17
       Sticks to Snakes  |       |    15 |    12 |    43 |     3 ||    73
       Spider Form       |       |     8 |    17 |     8 |     1 ||    34
       Ice Form          |       |       |    18 |    30 |     4 ||    52
       Blade Hands       |       |       |       |     8 |     1 ||     9
       Conjure Flame     |       |       |       |     4 |     2 ||     6
       Blink             |       |       |       |     3 |       ||     3
       Repel Missiles    |       |       |       |     1 |       ||     1
Invok: Bend Time         |       |       |       |     1 |       ||     1
       Slouch            |       |       |       |     3 |     2 ||     5
 Abil: End Transformatio |       |       |     1 |     1 |       ||     2
Evoke: Wand              |       |       |     3 |     1 |     3 ||     7
  Use: Scroll            |     6 |     6 |     9 |     9 |       ||    30
       Potion            |       |     1 |     2 |     9 |       ||    12
 Stab: Sleeping          |     2 |    10 |    10 |    27 |       ||    49
       Distracted        |       |     1 |     2 |     2 |     1 ||     6
  Eat: Chunk             |     6 |    17 |    10 |    14 |       ||    47
       Fruit             |       |       |     4 |     6 |       ||    10
       Beef jerky        |       |       |     1 |       |       ||     1
       Bread ration      |       |       |       |     2 |       ||     2
       Pizza             |       |       |       |     2 |       ||     2
       Royal jelly       |       |       |       |     2 |       ||     2
